 Dungeon Crawl Stone Soup version 0.18-a0-977-ge0e037f (webtiles) character file.

84 Oddball22 the Charlatan (level 4, -8/21 HPs)
             Began as a Spriggan Artificer on Jan 3, 2016.
             Mangled by Natasha (10 damage)
             ... on level 2 of the Dungeon.
             The game lasted 00:04:20 (1585 turns).

Oddball22 the Charlatan (Spriggan Artificer)        Turns: 1585, Time: 00:04:20

Health: -8/21      AC:  2    Str: 12    XL:     4   Next: 23%
Magic:  8/8        EV: 19    Int: 13    God:
Gold:   93         SH:  0    Dex: 17    Spells: 0 memorised, 3 levels left

rFire  . . .     SeeInvis +     a - +0 short sword
rCold  . . .     Gourm    .     b - +0 robe
rNeg   . . .     Faith    .     (shield restricted)
rPois  .         Spirit   .     (helmet restricted)
rElec  .         Dismiss  .     (no cloak)
rCorr  .         Reflect  .     (gloves unavailable)
SustAt .         Harm     .     (boots unavailable)
MR     .....                    (no amulet)
Stlth  +++.......               (no ring)
                                (no ring)

@: mighty, very quick, not resistant to hostile enchantments, fairly stealthy
A: unfitting armour, see invisible, herbivore 3, speed 3, slow metabolism 2
a: no special abilities


You were on level 2 of the Dungeon.
You were not hungry.

You visited 1 branch of the dungeon, and saw 2 of its levels.

You collected 93 gold pieces.

Inventory:

Hand Weapons
 a - a +0 short sword (weapon)
Missiles
 m - 18 poisoned needles
Armour
 b - a +0 robe (worn)
Jewellery
 k - an uncursed ring of fire {unknown}
 l - an uncursed ring of poison resistance {unknown}
Wands
 c - a wand of flame (4/48)
 d - a wand of enslavement (15/24)
 e - a wand of random effects (11/48)
Scrolls
 i - 3 scrolls of remove curse {unknown}
 n - a scroll of magic mapping {unknown}
 o - a scroll of amnesia {unknown}
 q - a scroll of identify {unknown}
Potions
 g - a potion of might
 h - a potion of heal wounds {unknown}
 j - 2 potions of invisibility
 p - a potion of brilliance {unknown}
 r - 2 potions of agility {unknown}
Comestibles
 f - a bread ration
 s - a fruit


   Skills:
 - Level 0.7 Fighting
 * Level 3.4 Short Blades
 + Level 4.0 Dodging
 + Level 3.4 Stealth
 - Level 4.0 Evocations


You had 3 spell levels left.
You didn't know any spells.

Dungeon Overview and Level Annotations

Branches:
Dungeon (2/15)

Altars:

Annotations:
D:2 Natasha


Innate Abilities, Weirdness & Mutations

You are tiny and cannot use many weapons and most armour.
You have supernaturally acute eyesight.
You are a herbivore.
You cover ground extremely quickly.
You need consume almost no food.


Message History

Natasha is no longer charmed.
Natasha claws you.
Evoke which item? (* to show all) (? for menu, Esc to quit)
Zapping:
e - a wand of random effects (13/48)
Press: ? - help, Shift-Dir - straight line, f/p - Natasha
Aim: Natasha The rock shatters into small pieces.
This wand has 12 charges left.
Natasha misses you.
Evoke which item? (* to show all) (? for menu, Esc to quit)
Zapping:
e - a wand of random effects (12/48)
Press: ? - help, Shift-Dir - straight line, f/p - Natasha
Aim: Natasha The puff of frost hits Natasha.
Natasha is severely wounded.
This wand has 11 charges left.
Natasha claws you.
* * * LOW HITPOINT WARNING * * *
Drink which item? (? for menu, Esc to quit)
It was a potion of might.
You feel very mighty all of a sudden. Natasha claws you!
You die...

#####.# #.#.#...## #.# #.....#...
#####.# ###.#...## ......########
### #.##.## #####......... ..#
#.##.# #.######## #.# #.##.#
#.##...# #.# #.##.# #.>..#.#
#.#########.##.### ####...#
###@##..............
###.####...h..######.##.##.
#######..>....)###..######.##.##.
........#.####.# #............#..
#########.# #.# #.#.#####.##....
#.# #.. #.# #.##.... #.# #### #.#
#.#..... #.# #. #.#.....
#.######## #.#.†...


You could see Natasha.

Vanquished Creatures
  Ijyb (D:2)
  Natasha (D:2)
  An adder (D:2)
  A worm (D:2)
  2 ball pythons
  3 bats (D:1)
  3 giant cockroaches
  5 goblins
  2 giant newts
  A kobold (D:1)
  4 rats
24 creatures vanquished.

Notes
Turn   | Place    | Note
--------------------------------------------------------------
     0 | D:1      | Oddball22 the Spriggan Artificer began the quest for the Orb.
     0 | D:1      | Reached XP level 1. HP: 9/9 MP: 4/4
   560 | D:1      | Reached XP level 2. HP: 7/14 MP: 6/6
  1158 | D:2      | Reached XP level 3. HP: 17/17 MP: 7/7
  1384 | D:2      | Noticed Natasha
  1393 | D:2      | Killed Natasha
  1475 | D:2      | Noticed Ijyb
  1508 | D:2      | Killed Ijyb
  1508 | D:2      | Reached XP level 4. HP: 8/21 MP: 8/8
  1540 | D:2      | Noticed Natasha
  1584 | D:2      | HP: 1/21 [Natasha (6)]
  1585 | D:2      | Mangled by Natasha

Vault maps used:
D:1:      elethiomel_arrival_quiet, minivault_24
D:2:      hangedman_decor_growths, minmay_misc_feat_doors, uniq_natasha,
          uniq_iyjb

Action                   |  1- 3 |  4- 6 || total
-------------------------+-------+-------++-------
Melee: Short sword       |   102 |       ||   102
Evoke: Wand              |    10 |     5 ||    15
  Use: Potion            |       |     1 ||     1
 Stab: Sleeping          |     6 |       ||     6
